AoeStats
← geodeta

Pilgrims

508689594Analyzed
4v4 RM · 9d ago on Sep 23, 2026· 24m 58s· 8 players
Game mode
Random Map
Map size
Large (8 player)
Population
200
Speed
Normal
Resources
Standard
Victory
Conquest
Starting age
Dark Age
Ending age
Imperial Age
RankedLock teamsTeams togetherTeam positionsShared explorationLock speedFull tech treeHidden civsTurbo modeCheats
Victory
Defeat
🇲🇪 Danes · Montenegro
1275
+11
🇲🇪 Georgians · Montenegro
1270
+11
🇬🇧 Varangians · United Kingdom
1216
+12
🇲🇪 Vietnamese · Montenegro
1208
+13
🇦🇷 Magyars · Argentina
1174
-13
🇦🇷 Celts · Argentina
1164
-12
🇺🇸 Saxons · United States
1134
-11
🇧🇴 Japanese · Bolivia
1133
-11
Desyres
4:29 Loom
14:42 Feudal Age
15:58 Fishing Lines
17:01 Double-Bit Axe
22:54 Castle Age
23:48 Medium Warships
23:30 Gillnets
25:35 Coinage
Emp
8:31 Loom
10:17 Feudal Age
12:12 Town Watch
14:41 Castle Age
13:01 Stone Mining
13:06 Fletching
13:23 Double-Bit Axe
13:35 Fishing Lines
15:31 Wheelbarrow
16:37 Bodkin Arrow
18:40 Forging
18:31 Scale Mail Armor
18:38 Gillnets
19:59 Arson
geodeta
4:52 Loom
12:20 Feudal Age
16:32 Castle Age
15:42 Town Watch
16:34 Wheelbarrow
18:39 Stone Mining
18:40 Gold Mining
19:08 Fletching
21:55 Arson
22:16 Bodkin Arrow
24:49 Double-Bit Axe
Bager
9:15 Loom
11:42 Feudal Age
13:06 Fletching
19:44 Castle Age
20:53 Scale Barding Armor
20:59 Forging
24:55 Gold Mining
24:51 Double-Bit Axe
Jalapeño Horsey
13:33 Feudal Age
13:56 Loom
15:09 Town Watch
16:39 Wheelbarrow
16:37 Double-Bit Axe
16:48 Gold Mining
17:42 Man-at-Arms
Jota
6:19 Loom
11:13 Feudal Age
15:51 Castle Age
22:34 Double-Bit Axe
ToKreisyLow
11:48 Feudal Age
17:20 Castle Age
18:27 Loom
19:18 Wheelbarrow
20:04 Double-Bit Axe
Delorean
13:35 Feudal Age
14:24 Loom
18:53 Castle Age
20:26 Fletching
22:11 Murder Holes
Connection lost

Rejoining the realm…

Still unreachable

The connection could not be restored.

Session expired

The server has moved on; the page needs a fresh start.